[Event "Late-Titled-Tuesday-Blitz-November-28-2023"]
[Site "Chess.com"]
[Date "2023.11.28"]
[Round "8"]
[White "rasmussvane"]
[Black "Mikasinski"]
[Result "1-0"]
[WhiteElo "2966"]
[BlackElo "2711"]
[TimeControl "180+1"]
[EndTime "15:24:53 PST"]
[Termination "rasmussvane won by resignation"]

1. Nf3 Nf6 2. g3 e6 3. Bg2 d5 4. O-O Be7 5. c4 c6 6. b3 Ne4 7.
Bb2 Bf6 8. Qc2 O-O 9. d3 Ng5 10. Nxg5 Bxg5 11. Nd2 Na6 12. a3 Bd7 13. b4 Nc7 14. Nb3 Bf6 15. Rfc1 Bxb2 16. Qxb2 Qe7 17. cxd5 exd5 18. Nc5 Bc8 19. Rc2 Nb5 20. a4 Nd6 21. Nb3 a6 22. Rb1 Re8 23. Nd4 Nf5 24. b5 axb5 25.
axb5 Nxd4 26. Qxd4 Bf5 27. bxc6 bxc6 28. Bf3 Bd7 29. h4 Qd6 30. Qc5 Qxc5 31. Rxc5 Reb8 32. Rxb8+ Rxb8 33. Ra5 Kf8 34. Ra7 Ke8 35. Kg2 h6 36. g4 Ke7 37. g5 hxg5 38. hxg5 Kd6 39. Kg3 Rh8 40. Bg4 Bxg4 41. Kxg4 Rf8 42. Kf5 d4 43. Ke4 Re8+ 44. Kxd4 Rxe2 45. Rxf7 Ke6 46. Rxg7 Rxf2 47. Rg6+ Kd7 48. Rf6 Rg2 49. g6 Rg5 50. Ke4 Ke7 51.
Rxc6 1-0

[Event "Late-Titled-Tuesday-Blitz-November-28-2023"]
[Site "Chess.com"]
[Date "2023.11.28"]
[Round "8"]
[White "Redzishchess"]
[Black "Schwindle"]
[Result "0-1"]
[WhiteElo "2474"]
[BlackElo "2385"]
[TimeControl "180+1"]
[EndTime "15:24:53 PST"]
[Termination "Schwindle won by resignation"]

1. d4 e6 2. c4 Nf6 3. Nf3 c5 4. d5 exd5 5. cxd5 d6 6. Nc3 g6 7. Nd2 Bg7 8. e4 O-O 9. Be2 a6 10. a4 Nbd7 11. Qc2 Re8 12. O-O Ne5 13. Ra3 Nh5 14.
Bxh5 gxh5 15. f4 Ng4 16. Nf3 Bd4+ 17. Nxd4 cxd4 18. Nd1 Qb6 19. Kh1 Bd7 20. Rh3 Rac8 21. Qd2 Rxe4 22. Rxh5 Qc5 23. Rg5+ Kf8 24. Rxg4 Bxg4 25.
Nf2 Re2 26. Qd3 Qxc1 27. Rxc1 Rxc1+ 28. Nd1 Re1+ 29. Qf1 Rcxd1 30. Qg1 d3 31. a5 Bf3 32. b4 Bxd5 33. b5 axb5 34. a6 bxa6 35. f5 a5 36. f6 Ke8 37. h4 h5 38. Kh2 Rxg1 39.
Kg3 Rxg2+ 40. Kf4 Rf1+ 41. Ke3 Rxf6 42. Kd4 Rg4+ 43. Kxd5 Rf5+ 44. Kc6 d2 45. Kb6 b4 46. Kb7 a4 47. Kc6 a3 0-1

[Event "Late-Titled-Tuesday-Blitz-November-28-2023"]
[Site "Chess.com"]
[Date "2023.11.28"]
[Round "8"]
[White "kxt100"]
[Black "Kostukov_Alex"]
[Result "1-0"]
[WhiteElo "2277"]
[BlackElo "2349"]
[TimeControl "180+1"]
[EndTime "15:24:54 PST"]
[Termination "kxt100 won on time"]

1. d4 g6 2. c4 Bg7 3. e4 d6 4.
Nc3 e5 5. Nge2 exd4 6. Nxd4 Nc6 7. Be3 Nge7 8. Be2 O-O 9. f3 f5 10. O-O fxe4 11. Nxe4 Nf5 12. Nxf5 Bxf5 13. Qb3 Nd4 14. Qd1 Nxe2+ 15. Qxe2 Bxe4 16. fxe4 Qe7 17. Bf2 Rae8 18. Rae1 b6 19. b3 a5 20. Qd3 Be5 21. Re2 Rf7 22.
Rfe1 Ref8 23. Bg3 Kg7 24. Qd5 Bc3 25. Rd1 h5 26. h3 1-0

[Event "Late-Titled-Tuesday-Blitz-November-28-2023"]
[Site "Chess.com"]
[Date "2023.11.28"]
[Round "8"]
[White "Haykoooo0o"]
[Black "FM_Kappeler"]
[Result "0-1"]
[WhiteElo "2419"]
[BlackElo "2344"]
[TimeControl "180+1"]
[EndTime "15:24:55 PST"]
[Termination "FM_Kappeler won by resignation"]

1. d4 d5 2. Nf3 Nf6 3. e3 c6 4.
Bd3 Bg4 5. Nbd2 e6 6. c3 Nbd7 7. e4 dxe4 8. Nxe4 Nxe4 9. Bxe4 Nf6 10. Bd3 Bd6 11. Bg5 O-O 12. O-O Be7 13. Be2 h6 14. Bh4 Nd5 15. Bg3 Bxf3 16. Bxf3 Qb6 17. Qb3 Bg5 18.
Rfe1 Rfe8 19. Re2 Nf4 20. Bxf4 Bxf4 21. g3 Bd6 22. Rae1 Rad8 23. Kg2 Qc7 24. Bg4 Re7 25. Re3 c5 26. d5 c4 27. Qd1 exd5 28. Qxd5 Rxe3 29.
Rxe3 Bf4 30. Qe4 Bxe3 31. Qxe3 Qc6+ 32. Bf3 Qb6 33. Qe7 Rd2 34. Qe8+ Kh7 35. Be4+ g6 36. Qxf7+ Kh8 37. Qe8+ Kg7 38. Qe7+ Kh8 39. Qf6+ Qxf6 0-1

[Event "Late-Titled-Tuesday-Blitz-November-28-2023"]
[Site "Chess.com"]
[Date "2023.11.28"]
[Round "8"]
[White "Sic_Transit_GM"]
[Black "Zhigalko_Sergei"]
[Result "0-1"]
[WhiteElo "2687"]
[BlackElo "2906"]
[TimeControl "180+1"]
[EndTime "15:24:56 PST"]
[Termination "Zhigalko_Sergei won by resignation"]

1. g3 d5 2. Bg2 c6 3. Nf3 Bg4 4. O-O e6 5. d3 Bd6 6. h3 Bh5 7. c4 Ne7 8. Nc3 O-O 9. g4 Bg6 10.
Nh4 Nd7 11. e4 dxc4 12. dxc4 Qc7 13. f4 f6 14. Nxg6 Nxg6 15. Qf3 e5 16. f5 Nf4 17. Ne2 Rad8 18. h4 Rfe8 19. g5 Bc5+ 20. Kh1 Nxe2 21. Qxe2 Kh8 22. h5 fxg5 23. Bxg5 Be7 24. Be3 h6 25. Rg1 Bc5 26. Bf3 Bxe3 27. Qxe3 Qb6 28. Qe2 Nf6 29. Rg6 Re7 30. Rag1 a5 31. Qe1 Qxb2 32.
Qh4 Rf8 33. Qg3 Rff7 34. Rd1 Rd7 35. Rg1 a4 36. c5 a3 37. Bd1 Nxe4 38. Rxh6+ Kg8 39.
Qb3 Nf2+ 40. Kg2 Nxd1+ 0-1

[Event "Late-Titled-Tuesday-Blitz-November-28-2023"]
[Site "Chess.com"]
[Date "2023.11.28"]
[Round "8"]
[White "LiemLe"]
[Black "ckgchess"]
[Result "0-1"]
[WhiteElo "3110"]
[BlackElo "2881"]
[TimeControl "180+1"]
[EndTime "15:24:59 PST"]
[Termination "ckgchess won on time"]

1. Nf3 Nf6 2. c4 e6 3. Nc3 d5 4.
e3 Be7 5. b3 O-O 6. Bb2 c6 7.
Qc2 b6 8. Rg1 Na6 9. a3 Nc5 10. g4 a5 11. g5 Nfe4 12. h4 Ba6 13. Nd4 Qc7 14. f3 Qh2 15. fxe4 Qxg1 16. O-O-O Rfc8 17. Kb1 Qg3 18. exd5 cxd5 19. cxd5 Qxh4 20. Bxa6 Rxa6 21.
Ncb5 Qxg5 22. d6 Bf6 23. b4 axb4 24. axb4 Raa8 25. bxc5 bxc5 26. Nf3 Qh5 27. Bxf6 gxf6 28. Rg1+ Kh8 29. Ne1 Rab8 30. Qb2 Qe5 0-1

[Event "Late-Titled-Tuesday-Blitz-November-28-2023"]
[Site "Chess.com"]
[Date "2023.11.28"]
[Round "8"]
[White "gahryman"]
[Black "dropstoneDP"]
[Result "0-1"]
[WhiteElo "2704"]
[BlackElo "2952"]
[TimeControl "180+1"]
[EndTime "15:24:59 PST"]
[Termination "dropstoneDP won on time"]

1. e4 e5 2. Nf3 Nf6 3. d4 Nxe4 4. Bd3 d5 5. Nxe5 Nd7 6. O-O Nxe5 7. dxe5 Nc5 8. Nc3 c6 9. f4 Nxd3 10. Qxd3 g6 11. Be3 Bf5 12. Qe2 d4 13. Rad1 c5 14. Bf2 Be7 15. Ne4 Qb6 16. Nf6+ Bxf6 17. exf6+ Be6 18. b4 Qxb4 19. Rb1 Qc4 20. Qe5 Qd5 21. Qxd5 Bxd5 22. Rfe1+ Kd7 23. Re7+ Kc6 24. Rbxb7 Be6 25. f5 gxf5 26. Bg3 Kd5 27. Bf4 Kc4 28. Bh6 Kc3 29.
Rbc7 c4 30. Bg7 Rhe8 31. Rxf7 Bxf7 32. Rxf7 Kxc2 33. Rc7 c3 34. f7 Rec8 35. Rd7 d3 0-1

[Event "Late-Titled-Tuesday-Blitz-November-28-2023"]
[Site "Chess.com"]
[Date "2023.11.28"]
[Round "8"]
[White "Alohamora11"]
[Black "IMRosen"]
[Result "1/2-1/2"]
[WhiteElo "2583"]
[BlackElo "2705"]
[TimeControl "180+1"]
[EndTime "15:24:59 PST"]
[Termination "Game drawn by repetition"]

1. e4 c5 2. Nf3 e6 3. d4 cxd4 4. Nxd4 Nc6 5. Nc3 Qc7 6. Nb3 a6 7. g3 Nf6 8. Bg2 h5 9. h3 b5 10.
a3 Bb7 11. O-O Be7 12. f4 d6 13. Be3 Na5 14. Nxa5 Qxa5 15. Qe2 Rc8 16. Rad1 Rxc3 17.
bxc3 Bxe4 18. Bd4 Bxg2 19. Qxg2 d5 20. f5 O-O 21. fxe6 fxe6 22. Rde1 Ne4 23. Rxf8+ Bxf8 24. Qf3 Qxa3 25. Qxh5 Qd6 26. Be5 Qc5+ 27. Bd4 Qd6 28.
Be5 Qb6+ 29. Bd4 Qc7 30. Be5 Qa7+ 31. Bd4 Qb8 32. Be5 Bd6 33. Bxd6 Qxd6 34. Qe8+ Kh7 35. Qh5+ Kg8 36. Qe8+ Kh7 37. Qh5+ Kg8 1/2-1/2

[Event "Late-Titled-Tuesday-Blitz-November-28-2023"]
[Site "Chess.com"]
[Date "2023.11.28"]
[Round "8"]
[White "TheMagician"]
[Black "Sulthankan"]
[Result "0-1"]
[WhiteElo "2293"]
[BlackElo "2385"]
[TimeControl "180+1"]
[EndTime "15:24:59 PST"]
[Termination "Sulthankan won by checkmate"]

1. d4 Nf6 2. Nc3 g6 3. e4 d5 4. e5 Ng8 5. f4 Bg7 6. Be3 h5 7. Nf3 Bg4 8. h3 Bxf3 9. Qxf3 e6 10. g4 hxg4 11. hxg4 Rxh1 12. Qxh1 c5 13. dxc5 Nc6 14. O-O-O Qa5 15. Bb5 Nh6 16. g5 Nf5 17. Bf2 O-O-O 18. Bxc6 bxc6 19. Kb1 Kb8 20. a3 Ka8 21. Ka2 Rb8 22. Rb1 Bf8 23. b4 Qa6 24. Qf1 Qc8 25.
Ne2 Be7 26. Nd4 Bd8 27. Nxf5 exf5 28. c4 Qe6 29. Rc1 a5 30. Kb3 Rb7 31. Bd4 Rd7 32. Bc3 dxc4+ 33. Qxc4 a4+ 34. Kxa4 Qxc4 35. e6 Ra7# 0-1

[Event "Late-Titled-Tuesday-Blitz-November-28-2023"]
[Site "Chess.com"]
[Date "2023.11.28"]
[Round "8"]
[White "Byniolus"]
[Black "Abduzhaparov"]
[Result "1/2-1/2"]
[WhiteElo "2781"]
[BlackElo "2454"]
[TimeControl "180+1"]
[EndTime "15:25:00 PST"]
[Termination "Game drawn by repetition"]

1. d4 d6 2. Nf3 Nf6 3. Bf4 Nbd7 4. h3 g6 5. e3 Bg7 6. Be2 O-O 7. O-O Re8 8. c4 b6 9. Nc3 Bb7 10. Bh2 a6 11. b4 Ne4 12. Nxe4 Bxe4 13. Rc1 c5 14.
a3 a5 15. Nd2 Bb7 16. bxc5 dxc5 17. Bf3 Bxf3 18. Nxf3 cxd4 19. exd4 e5 20. c5 e4 21. Ne1 Bh6 22. c6 Bxc1 23. cxd7 Qxd7 24. Qxc1 Qxd4 25. Nc2 Qc3 26. Qb1 Rac8 27. Ne3 Qxa3 28. Qxb6 Rc1 29. Bf4 Rxf1+ 30. Nxf1 Qb4 31. Qf6 Qe7 32.
Qa6 Qc5 33. Ne3 g5 34. Bd6 Qc8 35. Qxa5 h6 36. Nf5 Re6 37. Ne7+ Rxe7 38. Bxe7 Qc1+ 39. Kh2 Qf4+ 40. Kg1 Qc1+ 41. Kh2 Qf4+ 42. Kg1 Qc1+ 1/2-1/2

[Event "Late-Titled-Tuesday-Blitz-November-28-2023"]
[Site "Chess.com"]
[Date "2023.11.28"]
[Round "8"]
[White "Msb2"]
[Black "eljanov"]
[Result "1-0"]
[WhiteElo "3040"]
[BlackElo "2885"]
[TimeControl "180+1"]
[EndTime "15:25:03 PST"]
[Termination "Msb2 won by resignation"]

1. d4 d5 2. c4 e6 3. Nc3 Nf6 4. cxd5 exd5 5. Bg5 Be7 6. e3 h6 7. Bf4 O-O 8. Bd3 c5 9. Nf3 Nc6 10. dxc5 Bxc5 11. O-O d4 12. Na4 Bd6 13. Bxd6 Qxd6 14.
Nxd4 Nxd4 15. exd4 Rd8 16. Be2 Qxd4 17. Qxd4 Rxd4 18.
Nc3 Be6 19. Rfd1 Rad8 20. Rxd4 Rxd4 21. Rd1 Rxd1+ 22. Bxd1 Kf8 23. a3 Ke7 24. Bf3 b6 25. Kf1 Nd7 26. Ke2 Ne5 27. Bd5 Nc4 28. Bxc4 Bxc4+ 29. Ke3 Kd6 30. Kd4 Bf1 31. g3 g5 32.
Nd1 Bh3 33. Ne3 Be6 34. f4 gxf4 35. gxf4 Bc8 36. Nc4+ Ke6 37. Ne3 Kf6 38. Nd5+ Ke6 39. f5+ Kd6 40. Ne3 f6 41. h4 h5 42. b4 Bb7 43.
Nc4+ Kd7 44. Nb2 Bg2 45. Nd3 Bh3 46. Nf4 Bg4 47. Nd5 Bxf5 48. Nxf6+ Kd6 49. Nxh5 a5 50. Ng3 Bh7 51. Ne4+ Ke7 52. b5 Bf5 53. Nc3 Bd7 54. Nd5+ Kd6 55. a4 Bg4 56. Nxb6 Bd1 57. Nc4+ Kd7 58.
Kc5 Ke6 59. b6 1-0

[Event "Late-Titled-Tuesday-Blitz-November-28-2023"]
[Site "Chess.com"]
[Date "2023.11.28"]
[Round "8"]
[White "VitorBronson"]
[Black "1800_strength"]
[Result "0-1"]
[WhiteElo "2535"]
[BlackElo "2802"]
[TimeControl "180+1"]
[EndTime "15:25:04 PST"]
[Termination "1800_strength won by checkmate"]

1. d4 Nf6 2. c4 c5 3. d5 e6 4. Nc3 exd5 5. cxd5 d6 6. e4 g6 7. Nf3 Bg7 8. Be2 O-O 9. O-O Re8 10. Nd2 Nbd7 11. Qc2 a6 12. a4 Rb8 13. Nc4 Ne5 14. f4 Nxc4 15. Bxc4 Ng4 16. e5 dxe5 17. f5 e4 18.
fxg6 hxg6 19. h3 Bd4+ 20. Kh1 Ne5 21. Ne2 Bf5 22. Ng3 Nxc4 23. Nxf5 Nd6 24. Nxd4 cxd4 25. Bf4 Rc8 26. Qd2 Nf5 27. d6 d3 28. g4 Nxd6 29. Qb4 Re6 30. Rae1 Qh4 31. Bxd6 Qxh3+ 32. Kg1 Qxg4+ 33. Kf2 Rc2+ 34. Ke3 Re2+ 35. Kd4 d2 36. Rd1 Qh3 37. Bf4 Qd3+ 38. Kc5 Rc6# 0-1

[Event "Late-Titled-Tuesday-Blitz-November-28-2023"]
[Site "Chess.com"]
[Date "2023.11.28"]
[Round "8"]
[White "venturov"]
[Black "szefru"]
[Result "1-0"]
[WhiteElo "2476"]
[BlackElo "2323"]
[TimeControl "180+1"]
[EndTime "15:25:04 PST"]
[Termination "venturov won by resignation"]

1. Nf3 Nf6 2. g3 g6 3. Bg2 Bg7 4. O-O d5 5. d4 O-O 6. c4 dxc4 7. Na3 c3 8. bxc3 c5 9. e3 Ne4 10. Bd2 Nc6 11. Ne1 Ng5 12. h4 Nh3+ 13. Kh2 Qd7 14. Nd3 cxd4 15. cxd4 h5 16. Nc5 Qg4 17. f3 Qf5 18. e4 Qf6 19. Bxh3 Bxh3 20. Kxh3 Qxd4 21. Nb3 Qd7+ 22. Kg2 Bxa1 23. Qxa1 a5 24. Bh6 f6 25. Bxf8 Kxf8 26. Rd1 Qc7 27. Nb5 Qb6 28. a4 Qe3 29. N3d4 e5 30. Nxc6 Qe2+ 31. Kh3 bxc6 32. Nc7 Rc8 33.
Ne6+ Kf7 34. Nc5 Qxf3 35. Rf1 Qg4+ 36. Kg2 Qe2+ 37. Rf2 Qe3 38. Qxe5 1-0

[Event "Late-Titled-Tuesday-Blitz-November-28-2023"]
[Site "Chess.com"]
[Date "2023.11.28"]
[Round "8"]
[White "Sacbutt"]
[Black "SEBAZZANO"]
[Result "1/2-1/2"]
[WhiteElo "2351"]
[BlackElo "2262"]
[TimeControl "180+1"]
[EndTime "15:25:06 PST"]
[Termination "Game drawn by repetition"]

1. e4 e6 2. d4 d5 3. exd5 exd5 4. Bd3 Nf6 5. Nf3 Be7 6. O-O O-O 7. Bg5 Bg4 8. c3 c6 9. Nbd2 Nbd7 10. Qc2 Re8 11.
Rae1 Bh5 12. Ne5 Bg6 13. Nxg6 hxg6 14. h3 Nf8 15. Nf3 Nh5 16. Bxe7 Rxe7 17. Rxe7 Qxe7 18. Re1 Qd7 19. Ne5 Qd6 20. b3 Re8 21. Rd1 Nd7 22. Nxd7 Qxd7 23. Bf1 Qf5 24. Qd2 Nf6 25. c4 Ne4 26.
Qb2 Re6 27. Bd3 Qf4 28. Qc2 Rf6 29. Bxe4 dxe4 30. d5 cxd5 31. cxd5 e3 32. fxe3 Qxe3+ 33. Kh1 Rf2 34. Qc8+ Kh7 35. Qg4 Rd2 36. Qh4+ Kg8 37. Qd8+ Kh7 38. Qh4+ Kg8 39. Qd8+ Kh7 40. Qh4+ 1/2-1/2

[Event "Late-Titled-Tuesday-Blitz-November-28-2023"]
[Site "Chess.com"]
[Date "2023.11.28"]
[Round "8"]
[White "nitpicker"]
[Black "inagreV"]
[Result "1-0"]
[WhiteElo "2319"]
[BlackElo "2411"]
[TimeControl "180+1"]
[EndTime "15:25:06 PST"]
[Termination "nitpicker won on time"]

1. d4 Nf6 2. c4 c5 3. d5 d6 4. Nc3 g6 5. Nf3 Bg7 6. g3 e6 7. Bg2 exd5 8. cxd5 O-O 9. O-O Nbd7 10. h3 a6 11. a4 Rb8 12. a5 b5 13. axb6 Rxb6 14.
Nd2 Qc7 15. Nc4 Rb4 16. Na5 Ne5 17. f4 Nc4 18. Nc6 Nxb2 19. Qc2 Bf5 20. e4 Nxe4 21. Nxe4 Nd3 22. Rxa6 Bxe4 23. Bxe4 Rxe4 24. Qxd3 Ree8 25. Bd2 Qc8 26. Kh2 c4 27. Qxc4 Qf5 28. g4 Qe4 29. Qxe4 Rxe4 30. Rf2 Rfe8 31. Bb4 g5 32. Bxd6 gxf4 33.
Rxf4 Re2+ 34. Kg3 Bc3 35. Bc5 1-0

[Event "Late-Titled-Tuesday-Blitz-November-28-2023"]
[Site "Chess.com"]
[Date "2023.11.28"]
[Round "8"]
[White "CraiggoryC"]
[Black "YellowJacek"]
[Result "0-1"]
[WhiteElo "2182"]
[BlackElo "2352"]
[TimeControl "180+1"]
[EndTime "15:25:06 PST"]
[Termination "YellowJacek won by resignation"]

1. e4 c5 2. Nf3 Nc6 3. d4 cxd4 4.
Nxd4 Nf6 5. Nc3 d6 6. Bc4 Qb6 7. Nb3 e6 8. O-O Be7 9. Be3 Qc7 10. Qe2 a6 11. a3 O-O 12. f4 b5 13. Bd3 Bb7 14. Rae1 e5 15. Nd5 Nxd5 16. exd5 Na5 17. Nxa5 Qxa5 18. fxe5 Bxd5 19. exd6 Bxd6 20. Qh5 g6 21.
Qxd5 Rad8 22. Qf3 Bb8 23. Bh6 Qc7 24. g3 Rfe8 25. Bf4 Ba7+ 26. Kg2 Qd7 27. Bg5 Rc8 28. Qf6 Bd4 29. Qf4 Bxb2 30. Bf6 Bxf6 31. Qxf6 Rc6 32.
Rxe8+ Qxe8 33. Qf3 Re6 34. h4 h5 35. a4 bxa4 36.
Bxa6 Rxa6 37. Rd1 Qa8 38. Qxa8+ Rxa8 39. Ra1 Kg7 40. Ra3 Kf6 41. Kf3 Ke5 42. Ke3 Kd5 43. Kd3 Kc5 44. Kc3 Kb5 45. Kd4 Kb4 46. Ra1 a3 47. c3+ Kb3 48. c4 a2 49. c5 Kb2 50.
Rxa2+ Kxa2 51. c6 Kb3 52. Kc5 Kc3 53. c7 Kd3 54. Kc6 Ke3 55. Kb7 Re8 56. c8=Q Rxc8 57.
Kxc8 Kf3 58. Kd7 Kxg3 59. Ke7 Kxh4 60. Kxf7 Kg4 61. Kxg6 h4 0-1

[Event "Late-Titled-Tuesday-Blitz-November-28-2023"]
[Site "Chess.com"]
[Date "2023.11.28"]
[Round "8"]
[White "Hikaru"]
[Black "joppie2"]
[Result "1-0"]
[WhiteElo "3221"]
[BlackElo "2996"]
[TimeControl "180+1"]
[EndTime "15:25:09 PST"]
[Termination "Hikaru won by resignation"]

1. g3 d5 2. Bg2 e5 3. d3 Nc6 4.
Nd2 Nf6 5. c4 Be7 6. cxd5 Nxd5 7. Ngf3 Be6 8. O-O Qd7 9. a3 Bh3 10. Nc4 f6 11. e4 Bxg2 12. Kxg2 Nb6 13. Qe2 Rd8 14. Nxb6 axb6 15. Rd1 Bc5 16. Be3 Nd4 17. Bxd4 Bxd4 18. Rac1 c6 19. a4 O-O 20. b4 Qd6 21.
Rc4 b5 22. axb5 cxb5 23. Rcc1 Qxb4 24. Rc7 Qd6 25. Rdc1 Rd7 26. Qa2+ Kh8 27. Rc8 Rdd8 28. Rxd8 Rxd8 29. Qf7 Bc5 30. Nh4 b6 31. Ra1 Qe7 32. Qh5 Kg8 33. Nf5 Qd7 34. Qh4 b4 35. g4 g6 36.
Nh6+ Kg7 37. g5 Be7 38. Ng4 fxg5 39. Qg3 Qe6 40. Ra7 Rd7 41. Rxd7 Qxd7 42. Qxe5+ Kf7 43. Qg3 h5 44. Ne5+ 1-0

[Event "Late-Titled-Tuesday-Blitz-November-28-2023"]
[Site "Chess.com"]
[Date "2023.11.28"]
[Round "8"]
[White "Meri-Arabidze"]
[Black "Statham_l3"]
[Result "1-0"]
[WhiteElo "2682"]
[BlackElo "2553"]
[TimeControl "180+1"]
[EndTime "15:25:10 PST"]
[Termination "Meri-Arabidze won on time"]

1. b3 e5 2. Bb2 Nc6 3. e3 d5 4. Nf3 e4 5. Nd4 Bd6 6. c4 Ne5 7. cxd5 Bg4 8. Qc2 Nf6 9. h3 Bh5 10. Bb5+ c6 11. dxc6 O-O 12. cxb7 Rb8 13. O-O Rxb7 14. a4 Rc7 15. Nc3 Nf3+ 16. gxf3 Qc8 17.
Kg2 Rc5 18. f4 Bg4 19. Rh1 Rh5 20. Kf1 Bxh3+ 21. Ke1 Qg4 22. Bf1 Bxf1 23. Rxf1 Rc8 24.
Qd1 Qg2 25. Qe2 Bb4 26. Rc1 h6 27. Na2 Rxc1+ 28. Bxc1 Bc5 29. Bb2 Ng4 30. Kd1 Nh2 31. Re1 Bxd4 32. Qxh5 Bxb2 33. Kc2 Nf3 34. Rd1 1-0

[Event "Late-Titled-Tuesday-Blitz-November-28-2023"]
[Site "Chess.com"]
[Date "2023.11.28"]
[Round "8"]
[White "vi_pranav"]
[Black "Rodalquilar"]
[Result "1-0"]
[WhiteElo "3046"]
[BlackElo "2747"]
[TimeControl "180+1"]
[EndTime "15:25:11 PST"]
[Termination "vi_pranav won by checkmate"]

1. e4 d5 2. exd5 Qxd5 3. Nc3 Qa5 4. d4 Nf6 5. Nf3 Bf5 6. Bc4 e6 7. Bd2 Bb4 8. a3 Bxc3 9. Bxc3 Qb6 10. O-O Nc6 11.
Re1 O-O 12. a4 a5 13. Nh4 Bg4 14. Qd3 Rad8 15. d5 exd5 16. Bxf6 Nb4 17. Qg3 Qxf6 18. Bb3 Be6 19. c3 Nc6 20. Nf3 Rd7 21. Rad1 Rfd8 22. Bc2 h6 23. Nd4 Nxd4 24. Rxd4 c5 25. Rf4 Qg5 26.
Qf3 d4 27. h4 Qd5 28. Qd3 g6 29. Qg3 d3 30. Bd1 h5 31. Rf6 Bf5 32. Re5 Qa2 33. Rexf5 Qb1 34. Rxg6+ Kf8 35. Rg8+ Ke7 36. Qe5# 1-0

[Event "Late-Titled-Tuesday-Blitz-November-28-2023"]
[Site "Chess.com"]
[Date "2023.11.28"]
[Round "8"]
[White "SalihEke"]
[Black "German_Bazeev"]
[Result "0-1"]
[WhiteElo "2517"]
[BlackElo "2817"]
[TimeControl "180+1"]
[EndTime "15:25:14 PST"]
[Termination "German_Bazeev won on time"]

1. d4 Nf6 2. Nf3 d5 3. Bf4 e6 4. e3 c5 5. c3 Nc6 6. Nbd2 Nh5 7. Bg5 Qb6 8. Qb3 h6 9. Bh4 c4 10. Qxb6 axb6 11. a3 b5 12. Rc1 g5 13. Bg3 f5 14. Be5 Rg8 15. h3 Nxe5 16. Nxe5 Nf6 17. Be2 Bd6 18. Ndf3 Nd7 19. Nxd7 Bxd7 20. Ne5 Bc6 21.
Bh5+ Ke7 22. Ke2 Kf6 23. Nxc6 bxc6 24. g4 f4 25. Kf3 e5 26. dxe5+ Bxe5 27. exf4 Bxf4 28.
Rce1 Rg7 29. Re2 Re7 30. Rhe1 Raa7 31. Be8 Rxe2 32. Rxe2 Rc7 33. h4 Bd6 34. h5 Bf4 35. Kg2 Be5 36. Kf3 d4 37. cxd4 Bxd4 38. Bg6 Re7 39.
Be8 Rc7 40. Kg2 Be5 41. Kf3 Rc8 42. Bd7 Rc7 43. Be8 Ke6 44. Bg6 Kd6 45. Ke4 Re7 46.
Kf5 Bd4 47. Rd2 Kc5 48. f4 gxf4 49. Rd1 f3 50. Rf1 f2 51. g5 Re1 52. Rxf2 Bxf2 53. gxh6 Bd4 54. h7 Bxb2 0-1

[Event "Late-Titled-Tuesday-Blitz-November-28-2023"]
[Site "Chess.com"]
[Date "2023.11.28"]
[Round "8"]
[White "Yushko_Olga"]
[Black "MaxLeto"]
[Result "0-1"]
[WhiteElo "2137"]
[BlackElo "2522"]
[TimeControl "180+1"]
[EndTime "15:25:18 PST"]
[Termination "MaxLeto won on time"]

1. d4 h5 2. c4 h4 3. Nc3 d6 4. h3 e5 5. dxe5 dxe5 6. Qc2 Be6 7. Nf3 f6 8. Qe4 c6 9. Nxh4 Ne7 10.
Ng6 Bf5 11. Qf3 Bxg6 12. Be3 Na6 13. Rd1 Qc7 14. g3 Nf5 15. Bg2 Nxe3 16. Qxe3 Bc5 17. Qf3 Rd8 18. Rxd8+ Qxd8 19. Qg4 Kf7 20. h4 Qd4 21.
Qf3 Bh5 22. Qf5 Bg4 23. Qe4 Qxf2+ 24. Kd1 Qd4+ 25. Kc2 Qxe4+ 26. Nxe4 Bxe2 27. a3 Rd8 28. b4 Be7 29. Kb2 Bxc4 30. h5 f5 31. Rc1 fxe4 32. Rxc4 Rd2+ 33. Rc2 Rxc2+ 34. Kxc2 e3 35. Kd3 Bg5 36. Be4 Nc7 37. Bg6+ Kf6 38. Be4 Nb5 39. a4 Nd4 40. h6 gxh6 0-1

[Event "Late-Titled-Tuesday-Blitz-November-28-2023"]
[Site "Chess.com"]
[Date "2023.11.28"]
[Round "8"]
[White "Angry_Twin"]
[Black "Grischuk"]
[Result "0-1"]
[WhiteElo "2952"]
[BlackElo "3086"]
[TimeControl "180+1"]
[EndTime "15:25:19 PST"]
[Termination "Grischuk won on time"]

1. e4 e5 2. Nf3 Nc6 3. Bc4 Nf6 4. d3 Bc5 5. O-O d6 6. c3 a6 7.
a4 h6 8. Re1 Ba7 9. Nbd2 g5 10.
b4 Ne7 11. Nf1 Ng6 12. Ng3 g4 13. Nd2 h5 14. Nf5 h4 15. Nf1 d5 16. Bb3 dxe4 17. dxe4 Qxd1 18. Bxd1 Nxe4 19. Rxe4 Bxf5 20. Re1 Be6 21. Bg5 f6 22. Be3 Bxe3 23. Nxe3 f5 24. Bc2 e4 25. Nxg4 O-O-O 26. Ne3 h3 27. Rad1 hxg2 28. Rxd8+ Kxd8 29. Nxg2 Ne5 30. Bd1 Rg8 31. Kh1 Nd3 32. Rf1 f4 33. f3 Bh3 34. Nxf4 Bxf1 0-1

[Event "Late-Titled-Tuesday-Blitz-November-28-2023"]
[Site "Chess.com"]
[Date "2023.11.28"]
[Round "8"]
[White "Nf3c5"]
[Black "NikolaGry"]
[Result "1-0"]
[WhiteElo "2525"]
[BlackElo "2701"]
[TimeControl "180+1"]
[EndTime "15:25:19 PST"]
[Termination "Nf3c5 won on time"]

1. d4 d5 2. Nf3 Nc6 3. Bf4 Bg4 4. Nbd2 e6 5. h3 Bh5 6. e3 Bd6 7. c3 Nge7 8. Be2 h6 9. Qb3 Bxf4 10. exf4 Qd6 11. g3 O-O 12. O-O a6 13. Rae1 Bxf3 14.
Nxf3 b5 15. Bd3 b4 16. Qa4 Rfb8 17. Re2 Rb6 18. Rfe1 Rab8 19. Qc2 bxc3 20. bxc3 Qa3 21. f5 exf5 22. Bxf5 Rb2 23. Qd3 Rxe2 24. Rxe2 Rb2 25.
Rxb2 Qxb2 26. Qc2 Qa3 27. Bd3 g6 28. Kg2 Kg7 29. Qd2 Qa5 30. h4 Nd8 31. h5 Ne6 32. hxg6 Nxg6 33. Bxg6 fxg6 34. Ne5 Qb6 35. Ng4 Ng5 36. Qf4 1-0

[Event "Late-Titled-Tuesday-Blitz-November-28-2023"]
[Site "Chess.com"]
[Date "2023.11.28"]
[Round "8"]
[White "SmirnovTimofey2000"]
[Black "LUISMIGUELOV"]
[Result "0-1"]
[WhiteElo "2048"]
[BlackElo "2203"]
[TimeControl "180+1"]
[EndTime "15:25:19 PST"]
[Termination "LUISMIGUELOV won on time"]

1. d4 d6 2. Bf4 Nd7 3. e4 e5 4. dxe5 dxe5 5. Bg3 Bc5 6. Nf3 Qe7 7. Nc3 c6 8. Qd2 Ngf6 9. O-O-O b5 10. Kb1 a5 11.
Bd3 a4 12. a3 b4 13. axb4 Bxb4 14. Qg5 Bxc3 15. bxc3 O-O 16. Nxe5 Nxe5 17. Qxe5 Qa3 18. Qd4 Be6 19. Qb4 Qa2+ 20. Kc1 c5 21. Qxc5 Rfc8 22. Qb4 a3 23. Kd2 Qb2 24. Qxb2 axb2 25.
Rb1 Ra2 26. Be5 Nd7 27. Bd4 Rb8 28. Be5 Rb7 29. Bd4 f6 30. c4 Nb6 31. Rxb2 Rxb2 32. Bxb2 Bxc4 33. Bxc4+ Nxc4+ 34. Kc3 Nxb2 35. Rb1 Na4+ 36. Kd4 Rxb1 0-1

[Event "Late-Titled-Tuesday-Blitz-November-28-2023"]
[Site "Chess.com"]
[Date "2023.11.28"]
[Round "8"]
[White "SouS007"]
[Black "PoXerStar"]
[Result "0-1"]
[WhiteElo "2558"]
[BlackElo "2413"]
[TimeControl "180+1"]
[EndTime "15:25:22 PST"]
[Termination "PoXerStar won by checkmate"]

1. Nf3 Nf6 2. c4 g6 3. Nc3 Bg7 4. e4 O-O 5. d4 d6 6. h3 c5 7. d5 e6 8. Be2 exd5 9. exd5 Bf5 10. O-O Ne4 11. Nxe4 Bxe4 12. Ng5 Bf5 13. Bd3 Bxd3 14. Qxd3 Nd7 15. f4 h6 16. Ne4 Nf6 17. Nf2 Qd7 18. Bd2 Qf5 19. Qxf5 gxf5 20. Rae1 Rfe8 21. Bc3 Ne4 22. Bxg7 Kxg7 23. Nxe4 Rxe4 24. Rxe4 fxe4 25. Kf2 f5 26. Ke3 Kf6 27. g4 Rg8 28. Rg1 a6 29. a4 b6 30. Rg3 h5 31. g5+ Kg6 32. Kd2 a5 33. Rb3 Rb8 34. Ke3 Kf7 35. Kf2 Rb7 36. Kg3 Kg6 37. Kh4 Rb8 38. Rb5 Rb7 39. Kg3 Rb8 40. Kh4 Rb7 41. b4 cxb4 42. c5 dxc5 43. d6 Rd7 44. Rxb6 c4 45. Rc6 c3 46.
Rc5 Rxd6 47. Kg3 Rb6 48. Kf2 b3 49. Rxc3 b2 50. Ke3 b1=Q 51. Kd4 Qb4+ 52. Rc4 Rd6+ 53. Ke5 Qxc4 54. h4 Qd4# 0-1